 Dungeon Crawl Stone Soup version 0.20.1-1-g8b1a95d (webtiles) character file.

82 tmwrnj the Shield-Bearer (level 4, 0/40 HPs)
             Began as a Hill Orc Fighter on July 31, 2017.
             Succumbed to an adder's poison
             ... on level 4 of the Dungeon.
             The game lasted 00:05:23 (1985 turns).

tmwrnj the Shield-Bearer (Hill Orc Fighter)         Turns: 1985, Time: 00:05:26

Health: 0/40       AC:  9    Str: 19    XL:     4   Next: 43%
Magic:  4/4        EV:  5    Int:  8    God:
Gold:   196        SH:  9    Dex: 10    Spells: 3/3 levels left

rFire    . . .     SeeInvis .   a - +0 flail
rCold    . . .     Gourm    .   c - +0 shield
rNeg     + . .     Faith    .   i - +0 chain mail
rPois    .         Spirit   .   (no helmet)
rElec    .         Reflect  .   (no cloak)
rCorr    .         Harm     .   (no gloves)
MR       .....                  (no boots)
Stlth    ..........             (no amulet)
Regen    0.2/turn               t - ring of positive energy
MPRegen  0.1/turn               (no ring)

@: lethally poisoned (0 -> -9)
A: no striking features
a: no special abilities


You were on level 4 of the Dungeon.
You were not hungry.

You visited 1 branch of the dungeon, and saw 4 of its levels.

You collected 196 gold pieces.

Inventory:

Hand Weapons
 a - a +0 flail (weapon)
Armour
 c - a +0 shield (worn)
 i - a +0 chain mail (worn)
Jewellery
 t - a ring of positive energy (left hand)
 v - an uncursed ring of positive energy
Scrolls
 e - a scroll of noise {unknown}
 h - 2 scrolls of enchant weapon {unknown}
 l - 3 scrolls of identify {unknown}
 n - a scroll of fear {unknown}
 o - 3 scrolls of magic mapping {unknown}
 p - a scroll of random uselessness {unknown}
 s - a scroll of immolation {unknown}
Potions
 b - a potion of agility {unknown}
 d - 2 potions of might
 j - a potion of curing {unknown}
 k - a potion of cancellation {unknown}
 m - a potion of lignification {unknown}
 q - 2 potions of invisibility {unknown}
 u - a potion of haste {unknown}
Comestibles
 f - 3 bread rations
 g - 2 meat rations
 r - 2 chunks of flesh


   Skills:
 + Level 3.9 Fighting
 + Level 2.8 Maces & Flails
 + Level 4.0 Armour
 + Level 0.5 Dodging
 + Level 4.2 Shields


You had 3 spell levels left.
You didn't know any spells.

Dungeon Overview and Level Annotations

Branches:
Dungeon (4/15)
 Temple: D:4-7

Altars:
Okawaru

Annotations:
D:3 Agrougrou's ghost, amateur FoFi


Message History

* * * LOW HITPOINT WARNING * * *
You are lethally poisoned!
The adder poisons you! You block the adder's attack.
* * * LOW HITPOINT WARNING * * *
You feel sick.
* * * LOW HITPOINT WARNING * * *
You feel sick.
* * * LOW HITPOINT WARNING * * *
You feel sick. The adder bites you but does no damage.
* * * LOW HITPOINT WARNING * * *
You feel sick.
There is a stone staircase leading down here.
* * * LOW HITPOINT WARNING * * *
You feel sick. The adder bites you.
* * * LOW HITPOINT WARNING * * *
You are more poisoned.
The adder poisons you! You block the adder's attack.
The adder bites you but does no damage.
You climb downwards.
You die...

###
#@#
#S#
#S.
#..#
....
##.##
.. ##


You could see 2 adders.

Vanquished Creatures
  3 adders
  An ooze (D:3)
  A worm (D:2)
  2 dart slugs (D:1)
  2 leopard geckos (D:1)
  3 giant cockroaches
  5 goblins
  3 hobgoblins
  4 jackals (D:1)
  6 kobolds
  5 bats
  A frilled lizard (D:1)
  6 rats
42 creatures vanquished.

Notes
Turn   | Place    | Note
-------+----------+-------------------------------------------
     0 | D:1      | tmwrnj the Hill Orc Fighter began the quest for the Orb.
     0 | D:1      | Reached XP level 1. HP: 19/19 MP: 1/1
   100 | D:1      | You fall through a shaft!
   108 | D:2      | Reached XP level 2. HP: 22/27 MP: 2/2
   235 | D:2      | Reached XP level 3. HP: 30/33 MP: 3/3
   445 | D:2      | Found an iron altar of Okawaru.
   472 | D:2      | Found a faded altar of an unknown god.
  1299 | D:1      | Reached XP level 4. HP: 38/40 MP: 4/4
  1590 | D:3      | Noticed Agrougrou's ghost (amateur FoFi)
  1983 | D:3      | HP: 2/40 [poisoned by an adder]
  1985 | D:4      | Succumbed to an adder's poison

Skill      XL: |  1  2  3  4 |
---------------+-------------+-----
Shields        | 4 |  4.2
Armour         | 4 |  4.0
Fighting       | |  3.9
Maces & Flails | |  2.8
Dodging        | |  0.5

Action                   |  1- 3 |  4- 6 || total
-------------------------+-------+-------++-------
Melee: Flail             |   155 |    74 ||   229
  Eat: Chunk             |     1 |     3 ||     4
Armor: Scale mail        |    44 |       ||    44
       Chain mail        |   100 |    43 ||   143
Dodge: Dodged            |    61 |    20 ||    81
Block: Shield            |   118 |    50 ||   168
